 Dungeon Crawl Stone Soup version 0.27-a0-59-gfbafd837a3 (webtiles) character file.

Game seed: 15922087228432698567

30 Alarkh the Ruffian (level 3, 29/29 HPs)
             Began as a Demonspawn Fighter on Jan 8, 2021.
             Got out of the dungeon alive.
             The game lasted 00:00:45 (767 turns).

Alarkh the Ruffian (Demonspawn Fighter)              Turns: 767, Time: 00:00:46

Health: 29/29      AC:  6    Str: 16    XL:     3   Next: 5%
Magic:  3/3        EV:  6    Int: 10    God:
Gold:   88         SH:  8    Dex: 12    Spells: 2/2 levels left

rFire    . . .     SeeInvis .     - Unarmed
rCold    . . .     Faith    .   b - +0 kite shield
rNeg     . . .     Spirit   .   a - +0 scale mail
rPois    .         Reflect  .   (helmet restricted)
rElec    .         Harm     .   (no cloak)
rCorr    .         Rampage  .   (no gloves)
Will     .....                  (no boots)
Stlth    ..........             (no amulet)
HPRegen  0.09/turn              (no ring)
MPRegen  0.08/turn              (no ring)

@: no status effects
A: antennae 1, spiny 1
a: no special abilities


You escaped.
You visited 1 branch of the dungeon, and saw 2 of its levels.

You collected 88 gold pieces.

Inventory:

Armour
 a - a +0 scale mail (worn)
 b - a +0 kite shield (worn)
Potions
 c - a potion of might
 d - a potion of heal wounds {unknown}


   Skills:
 - Level 3.0 Fighting
 - Level 2.6 Armour
 - Level 2.6 Shields
 + Level 3.2 Unarmed Combat


You had 2 spell levels left.
You didn't know any spells.
Your spell library was empty.

Dungeon Overview and Level Annotations

Branches:
Dungeon (2/15)

Altars:


Innate Abilities, Weirdness & Mutations

You have a pair of small antennae on your head.
You are partially covered in sharp spines.


Message History

You hit the dart slug.
The dart slug is almost dead.
The dart slug bites you.
You hit the dart slug.
You kill the dart slug!
You have reached level 3!
Your experience leads to an increase in your attributes!
Increase (S)trength, (I)ntelligence, or (D)exterity?
You feel clever.
You feel monstrous as your demonic heritage exerts itself.
Your demonic ancestry asserts itself...
A pair of antennae grows on your head!
There is a stone staircase leading up here.
You climb upwards.
There is a stone staircase leading down here.
HP restored.
There is a stone staircase leading down here.
There is a staircase leading out of the dungeon here.
Are you sure you want to leave the Dungeon?
This will make you lose the game!
You have escaped! .........>..#..........######.## ...#######....####........##.#.## .####PPPPPP.PPPPPPPPP.P.PPPP..#.# .####PPPP.....PPPPP.....PPPP...## ....#PPP.PPPPP.PPP.PP.P..PPP#.## ###.#PP.PPPPPPP.P.PPPPPPP.PP#.# #.#P.PPPPPPPPP.PPPPPPPPP.P.^### #.#P.PPPPPPPPP.PPPPPPPPP.P..... #.#P.PPPPPPP..@..PPPPPPP.P#.##. #.#P.PPPPPP.PP.PP.PPPPPP.P#.##. #..P.PPPPP.PPP.PPP.PPPPP.P#.##. #..PP.PPP.PPP.P.PPP.PPP.PP#.##. #.#PPP.PP.PP.PPP.PP.PP.PPP#.##. #.#PPPP.....PPPPP.....PPPP#.##. #.#PPP.PP.PP.PPP.PP.PP.PPP.(##. #.#PP.PPP.PPP.P.PPP.PPP.PP..##( #.#P.PPPPP.PPP.PPP.PPPPP.P..[..

There were no monsters in sight!

Vanquished Creatures
  A dart slug (D:2)
  A leopard gecko (D:1)
  3 bats (D:1)
  A giant cockroach (D:1)
  6 goblins (D:1)
  5 hobgoblins (D:1)
  A ball python (D:1)
  3 frilled lizards (D:1)
  A kobold (D:1)
  4 rats (D:1)
26 creatures vanquished.

Vanquished Creatures (others)
  3 plants (D:1)
3 creatures vanquished.

Grand Total: 29 creatures vanquished

Notes
Turn   | Place    | Note
-------+----------+-------------------------------------------
     0 | D:1      | Alarkh the Demonspawn Fighter began the quest for the Orb.
     0 | D:1      | Reached XP level 1. HP: 18/18 MP: 1/1
   129 | D:1      | Gained mutation: You are partially covered in sharp spines.
                  | [demonic ancestry]
   129 | D:1      | Reached XP level 2. HP: 21/24 MP: 2/2
   703 | D:2      | Gained mutation: You have a pair of small antennae on your
                  | head. [demonic ancestry]
   703 | D:2      | Reached XP level 3. HP: 25/29 MP: 3/3
   767 | D:$      | Got out of the dungeon alive.

Illustrated notes

Levels and vault maps discovered:
D:1:      roderic_crop_circles_arrival_large, layout_loops_ring,
          hangedman_decor_growths, minmay_tromino_v4_c
D:2:      layout_loops_ring, grunt_qazlal_sundering, minmay_indecisive_spiral,
          uniq_robin

Skill      XL: |  1  2 |
---------------+-------+-----
Unarmed Combat | 2 3 |  3.2
Fighting       | |  3.0
Armour         | |  2.6
Shields        | |  2.6

Action                   || total
-------------------------++-------
Melee: Unarmed           ||    86
Armor: Scale mail        ||    32
Dodge: Dodged            ||    10
Block: Kite shield       ||    41

Table legend: (Time is in decaauts)
 A = Elapsed time spent in this place.
 B = Non-inter-level travel time spent in this place.
 C = Inter-level travel time spent in this place.
 D = Time resting spent in this place.
 E = Time spent auto-exploring this place.
 F = Levels seen in this place.
 G = Mean time per level.
                   A        B        C        D        E       F      G
               +--------+--------+--------+--------+--------+-----+--------+
         Total |    770 |    682 |     88 |      0 |    520 |   2 |  385.0 |
       Dungeon |    770 |    682 |     88 |      0 |    520 |   2 |  385.0 |
               +--------+--------+--------+--------+--------+-----+--------+

Top non-repeatable levels by time:
     D:1: 760 daAuts
     D:2: 9 daAuts
